AoeStats
← -GNG-OverHabit

Arabia

510084503Analyzed
1v1 RM · 4d ago on Sep 29, 2026· 35m 15s· 2 players
Game mode
Random Map
Map size
Tiny (2 player)
Population
200
Speed
Normal
Resources
Standard
Victory
Conquest
Starting age
Dark Age
Ending age
Imperial Age
RankedLock teamsTeams togetherTeam positionsShared explorationLock speedFull tech treeHidden civsTurbo modeCheats
Victory
Defeat
1902
+18
🇭🇰 Danes · Hong Kong SAR China
1955
-18
Znowutorobiszszanownypaniepawpaw
6:01 Loom
13:08 Feudal Age
17:51 Castle Age
16:46 Fletching
18:53 Bodkin Arrow
21:48 Double-Bit Axe
22:41 Town Watch
25:04 Padded Archer Armor
34:31 Ballistics
34:35 Leather Archer Armor
-GNG-OverHabit
8:45 Loom
11:00 Feudal Age
12:08 Double-Bit Axe
15:37 Fletching
19:52 Castle Age
20:30 Bodkin Arrow
19:56 Crossbowman
20:47 Bow Saw
22:11 Ballistics
23:46 Padded Archer Armor
29:26 Horse Collar
31:41 Elite Skirmisher
32:51 Leather Archer Armor
37:57 Imperial Age
Connection lost

Rejoining the realm…

Still unreachable

The connection could not be restored.

Session expired

The server has moved on; the page needs a fresh start.